Ice Dragons vs Carnivores

Created - March 26, 2021 at 20:07

Goals
1 2 3 T
Ice Dragons 1 1 1 3
Carnivores 2 1 1 4
Shots
1 2 3 T
Ice Dragons 20 7 11 38
Carnivores 10 14 11 35

1st period

1. Carnivores , Anton Gustafsson 26 (Mark McNeill 26, Adam Almquist 1) at 12:55
2. Ice Dragons , Chris Wagner 8 (William Carrier 14, Samuel Groulx 20) at 13:10
3. Carnivores , Joel Armia 20 (Blake Geoffrion 42, Mat Clark 35) at 19:54

Penalties :
Mat Clark (Bre) for High sticking (Minor) at 16:02

2nd period

4. Carnivores , Nicolas Kerdiles 44 (Chris Lawrence 42) at 2:14
5. Ice Dragons , Logan MacMillan 18 (Sam Carrick 31, Jerome Gauthier-Leduc 9) at 11:34

Penalties :
No Penalty

3rd period

6. Carnivores , Markus Granlund 28 (Travis Dermott 22, Blake Geoffrion 43) at 1:17 (PP)
7. Ice Dragons , Logan MacMillan 19 (Sam Carrick 32) at 3:15

Penalties :
Brandon Kozun (Kin) for Elbowing (Minor) at 0:28, Chris Lawrence (Bre) for Holding (Minor) at 3:20, Nicolas Kerdiles (Bre) for Hooking (Minor) at 7:08, Sam Carrick (Kin) for Slashing (Minor) at 15:04

Goalie Stats

Chet Pickard (Kin), 31 saves from 35 shots - (0.886), L, 27-19-2, 59:08 minutes
Tristan Jarry (Bre), 35 saves from 38 shots - (0.921), W, 15-8-1, 60:00 minutes

Players Stats for Ice Dragons

Player Name              G  A  P  +/- PIM S  H  SB GA TA FO     MP     PP MP  PK MP  
------------------------------------------------------------------------------------
Alex Henriksson          0  0  0   0  0   0  0  0  0  0  0/0     1:12   0:00   0:44 
Alex Lintuniemi          0  0  0   0  0   0  0  0  0  0  0/0     4:35   0:00   0:00 
Alex Plante              0  0  0   1  0   1  1  0  0  0  0/0    10:24   0:00   0:00 
Billy Sweat              0  0  0  -3  0   4  1  1  0  0  1/1    22:57   4:01   1:46 
Brandon Kozun            0  0  0  -3  2   4  2  0  3  0  0/2    21:10   4:01   0:00 
Chris Wagner             1  0  1   1  0   5  1  0  1  0  0/0    10:22   0:00   0:00 
Cole Ully                0  0  0   0  0   0  0  0  0  0  0/0     1:38   0:06   0:15 
Corban Knight            0  0  0  -3  0   1  5  0  2  0  23/38  22:57   4:01   1:46 
David Shields            0  0  0   1  0   0  0  1  0  0  0/0    10:24   0:00   0:00 
Emil Pettersson          0  0  0   1  0   1  2  0  1  0  3/6    10:22   0:00   0:00 
Jerome Gauthier-Leduc    0  1  1   0  0   0  0  0  0  0  0/0     4:35   0:00   0:00 
Juho Lammikko            0  0  0   0  0   0  0  0  0  0  0/0     8:16   0:00   0:00 
Justin Shugg             0  0  0   2  0   1  0  0  1  0  0/0    16:32   1:50   0:00 
Kevin Connauton          0  0  0  -2  0   1  1  2  3  2  0/0    26:11   4:11   1:56 
Logan MacMillan          2  0  2   2  0   6  3  0  2  0  0/0    16:59   1:50   0:27 
Luca Sbisa               0  0  0   1  0   1  1  1  0  1  0/0    18:50   1:46   0:52 
Mario Lucia              0  0  0   0  0   0  0  0  0  0  1/1     7:12   0:06   0:00 
Phil Di Giuseppe         0  0  0   0  0   6  0  0  0  0  0/0     8:16   0:00   0:00 
Sam Carrick              0  2  2   2  2   2  2  1  1  1  8/18   16:39   1:50   0:00 
Samuel Groulx            0  1  1   1  0   0  2  1  1  1  0/0    18:50   1:46   0:52 
Theodor Blueger          0  0  0   0  0   1  1  0  0  0  1/3     9:25   0:00   0:38 
Thomas Gobeil            0  0  0   0  0   0  0  0  0  0  0/0     0:20   0:06   0:00 
William Carrier          0  1  1   1  0   1  0  1  0  0  0/0     2:53   0:00   0:00 
Zach Trotman             0  0  0  -2  0   3  2  1  2  0  0/0    26:11   4:11   1:56 

Players Stats for Carnivores

Player Name              G  A  P  +/- PIM S  H  SB GA TA FO     MP     PP MP  PK MP  
------------------------------------------------------------------------------------
Adam Almquist            0  1  1   1  0   0  0  0  0  1  0/0     6:12   0:00   0:00 
Andreas Englund          0  0  0   0  0   0  0  1  0  2  0/0    16:33   0:00   2:43 
Anton Gustafsson         1  0  1   0  0   3  0  1  1  0  7/10   13:16   0:00   3:15 
Blake Geoffrion          0  2  2   0  0   3  1  0  0  1  2/2    15:49   1:06   0:00 
Brett Connolly           0  0  0   0  0   2  0  0  0  0  0/0     7:22   0:00   0:00 
Carl Dahlstrom           0  0  0   1  0   0  0  0  0  0  0/0     6:12   0:00   0:00 
Chris Lawrence           0  1  1   0  2   2  0  0  1  1  0/1    18:36   1:29   0:00 
Christian Djoos          0  0  0   0  0   0  2  1  0  0  0/0    12:27   0:00   2:03 
Hunter Shinkaruk         0  0  0   0  0   0  0  0  0  0  0/0    10:13   0:25   0:13 
Joel Armia               1  0  1   0  0   5  1  0  0  0  2/3    15:49   1:06   0:00 
Josh Morrissey           0  0  0  -1  0   1  1  4  0  4  0/0    24:49   1:19   3:33 
Lucas Wallmark           0  0  0   0  0   1  0  0  0  0  3/4     7:16   0:22   0:00 
Mark McNeill             0  1  1   0  0   1  0  0  0  0  0/0    11:28   0:00   0:00 
Markus Granlund          1  0  1   0  0   3  0  1  1  1  4/12   17:43   1:06   0:38 
Mat Clark                0  1  1  -1  2   0  1  2  0  3  0/0    25:07   1:19   2:16 
Mattias Backman          0  0  0   0  0   0  1  0  0  0  0/0    11:25   1:29   0:16 
Nicolas Deslauriers      0  0  0   0  0   3  0  0  0  0  0/0    11:49   0:34   2:41 
Nicolas Kerdiles         1  0  1   0  2   7  2  1  1  0  0/2    21:22   1:08   2:10 
Riley Barber             0  0  0   0  0   0  0  1  0  0  0/0     3:35   0:00   1:52 
Scott Laughton           0  0  0   0  0   2  1  0  0  4  14/35  19:17   1:08   1:05 
Travis Dermott           0  1  1   0  0   2  0  1  1  0  0/0    15:22   1:29   0:21 
Trevor Van Riemsdyk      0  0  0   0  0   0  0  0  0  0  0/0     2:18   0:00   0:42 

3 Stars

1 - Logan MacMillan (Kin)
2 - Sam Carrick (Kin)
3 - Chris Wagner (Kin)

Power Play

Ice Dragons - 0 on 3 Attempt(s) - 0.00%
Carnivores - 1 on 2 Attempt(s) - 50.00%

Penalty Kill

Ice Dragons - 1 on 2 Attempt(s) - 50.00% - Score 0 goal in Penalty Kill
Carnivores - 3 on 3 Attempt(s) - 100.00% - Score 0 goal in Penalty Kill

Team Stat

Ice Dragons - Hits : 24 - Faceoff Wins : 37 - Blocked Shots : 9 - Penalty Minutes : 4
Carnivores - Hits : 10 - Faceoff Wins : 32 - Blocked Shots : 13 - Penalty Minutes : 6

Official

Referees : Unknown
Linesman : Unknown

Game Notes

William Carrier is injured at 14:17 of 1st period (Strained Right Knee)

Finance

Level 1 -- Attendance: 1314 (65.70%) -- Ticket Income $52,560
Level 2 -- Attendance: 744 (74.40%) -- Ticket Income $14,880
Total Attendance: 2058 (68.60%)
Total Ticket Income: $67,440
Other Income: $3,372
Total Income: $70,812

Ice Dragons

5 vs 5 Forward 
   Center                   Left Wing                Right Wing               Time % Phy DF OF 
 1 Corban Knight            Billy Sweat              Brandon Kozun            40     1   2  2  
 2 Sam Carrick              Logan MacMillan          Justin Shugg             30     1   2  2  
 3 Emil Pettersson          William Carrier          Chris Wagner             20     1   2  2  
 4 Theodor Blueger          Phil Di Giuseppe         Juho Lammikko            10     1   2  2  

5 vs 5 Defense 
   Defense                  Defense                                           Time % Phy DF OF 
 1 Kevin Connauton          Zach Trotman                                      40     1   2  2  
 2 Luca Sbisa               Samuel Groulx                                     30     1   2  2  
 3 David Shields            Alex Plante                                       20     1   2  2  
 4 Jerome Gauthier-Leduc    Alex Lintuniemi                                   10     1   2  2  

PowerPlay Forward 
   Center                   Left Wing                Right Wing               Time % Phy DF OF 
 1 Corban Knight            Billy Sweat              Brandon Kozun            60     1   2  2  
 2 Sam Carrick              Logan MacMillan          Justin Shugg             40     1   2  2  

PowerPlay Defense
   Defense                  Defense                                           Time % Phy DF OF 
 1 Kevin Connauton          Zach Trotman                                      60     1   2  2  
 2 Luca Sbisa               Samuel Groulx                                     40     1   2  2  

Penalty Kill 4 Players Forward 
   Center                   Wing                     Time % Phy DF OF 
 1 Corban Knight            Billy Sweat              60     1   2  2  
 2 Sam Carrick              Logan MacMillan          40     1   2  2  

Penalty Kill 4 Players Defense
   Defense                  Defense                  Time % Phy DF OF 
 1 Kevin Connauton          Zach Trotman             60     1   2  2  
 2 Luca Sbisa               Samuel Groulx            40     1   2  2  

Penalty Kill - 3 Players Forward 
   Forward                                           Time % Phy DF OF 
 1 Corban Knight                                     60     1   2  2  
 2 Billy Sweat                                       40     1   2  2  

Penalty Kill - 3 Players Defense
   Defense                  Defense                  Time % Phy DF OF 
 1 Kevin Connauton          Zach Trotman             60     1   2  2  
 2 Luca Sbisa               Samuel Groulx            40     1   2  2  

4 vs 4 Forward 
   Center                   Wing                     Time % Phy DF OF 
 1 Corban Knight            Billy Sweat              60     1   2  2  
 2 Sam Carrick              Logan MacMillan          40     1   2  2  

4 vs 4 Defense
   Defense                  Defense                  Time % Phy DF OF 
 1 Kevin Connauton          Zach Trotman             60     1   2  2  
 2 Luca Sbisa               Samuel Groulx            40     1   2  2  

Last Minutes Offensive
   Center                   Left Wing                Right Wing               Defense                  Defense                  
   Corban Knight            Billy Sweat              Brandon Kozun            Kevin Connauton          Zach Trotman             

Last Minutes Defensive
   Center                   Left Wing                Right Wing               Defense                  Defense                  
   Corban Knight            Billy Sweat              Brandon Kozun            Kevin Connauton          Zach Trotman             

Goaltenders
Starting : Chet Pickard             
Backup : Joacim Eriksson          

Extra Forwards
Normal : Mario Lucia, Cole Ully, Alex Henriksson - PP : Mario Lucia, Cole Ully - PK : Alex Henriksson
Extra Defensemen
Normal : David Shields, Alex Plante, Jerome Gauthier-Leduc - PP : David Shields - PK : Alex Plante, Jerome Gauthier-Leduc
Penalty Shots
Corban Knight, Billy Sweat, Sam Carrick, Logan MacMillan, Brandon Kozun

Scratches
Jordan LaVallee (Strained Right Elbow Injury), Robin Norell (Bruised Left Leg Injury), Oscar Dansk (Healthy), Brandon Halverson (Healthy)

Carnivores

5 vs 5 Forward 
   Center                   Left Wing                Right Wing               Time % Phy DF OF 
 1 Scott Laughton           Nicolas Kerdiles         Chris Lawrence           40     1   2  2  
 2 Markus Granlund          Blake Geoffrion          Joel Armia               30     1   2  2  
 3 Anton Gustafsson         Hunter Shinkaruk         Mark McNeill             20     1   2  2  
 4 Lucas Wallmark           Nicolas Deslauriers      Brett Connolly           10     1   2  2  

5 vs 5 Defense 
   Defense                  Defense                                           Time % Phy DF OF 
 1 Mat Clark                Josh Morrissey                                    40     1   2  2  
 2 Andreas Englund          Travis Dermott                                    30     1   2  2  
 3 Christian Djoos          Mattias Backman                                   20     1   2  2  
 4 Carl Dahlstrom           Adam Almquist                                     10     1   2  2  

PowerPlay Forward 
   Center                   Left Wing                Right Wing               Time % Phy DF OF 
 1 Scott Laughton           Nicolas Kerdiles         Chris Lawrence           60     1   1  3  
 2 Markus Granlund          Blake Geoffrion          Joel Armia               40     1   1  3  

PowerPlay Defense
   Defense                  Defense                                           Time % Phy DF OF 
 1 Mat Clark                Josh Morrissey                                    60     1   2  2  
 2 Mattias Backman          Travis Dermott                                    40     1   2  2  

Penalty Kill 4 Players Forward 
   Center                   Wing                     Time % Phy DF OF 
 1 Anton Gustafsson         Nicolas Kerdiles         60     1   2  2  
 2 Markus Granlund          Nicolas Deslauriers      40     1   2  2  

Penalty Kill 4 Players Defense
   Defense                  Defense                  Time % Phy DF OF 
 1 Mat Clark                Josh Morrissey           60     1   2  2  
 2 Andreas Englund          Christian Djoos          40     1   2  2  

Penalty Kill - 3 Players Forward 
   Forward                                           Time % Phy DF OF 
 1 Anton Gustafsson                                  60     1   2  2  
 2 Mark McNeill                                      40     1   2  2  

Penalty Kill - 3 Players Defense
   Defense                  Defense                  Time % Phy DF OF 
 1 Mat Clark                Josh Morrissey           60     1   2  2  
 2 Andreas Englund          Christian Djoos          40     1   2  2  

4 vs 4 Forward 
   Center                   Wing                     Time % Phy DF OF 
 1 Anton Gustafsson         Chris Lawrence           60     1   2  2  
 2 Scott Laughton           Nicolas Kerdiles         40     1   2  2  

4 vs 4 Defense
   Defense                  Defense                  Time % Phy DF OF 
 1 Andreas Englund          Josh Morrissey           60     1   2  2  
 2 Mat Clark                Travis Dermott           40     1   2  2  

Last Minutes Offensive
   Center                   Left Wing                Right Wing               Defense                  Defense                  
   Scott Laughton           Nicolas Kerdiles         Joel Armia               Mat Clark                Josh Morrissey           

Last Minutes Defensive
   Center                   Left Wing                Right Wing               Defense                  Defense                  
   Markus Granlund          Nicolas Kerdiles         Mark McNeill             Mat Clark                Josh Morrissey           

Goaltenders
Starting : Tristan Jarry            
Backup : Linus Ullmark            

Extra Forwards
Normal : Riley Barber, Markus Granlund, Mark McNeill - PP : Hunter Shinkaruk, Markus Granlund - PK : Riley Barber
Extra Defensemen
Normal : Trevor Van Riemsdyk, Mattias Backman, Christian Djoos - PP : Trevor Van Riemsdyk - PK : Andreas Englund, Trevor Van Riemsdyk
Penalty Shots
Anton Gustafsson, Chris Lawrence, Markus Granlund, Scott Laughton, Joel Armia

Scratches
Ryan Olsen (Healthy), Freddie Hamilton (Healthy), Sergei Zborovskiy (Healthy), Filip Chlapik (Healthy), Stanislav Galiev (Healthy)
Mark MacMillan (Healthy), Troy Bourke (Healthy), Alexandre Mallet (Healthy), T.J Brodie (Abdominal Strain Injury), Josh Wesley (Healthy)
Felix Sanstrom (Healthy)

% Time on Ice - Ice Dragons

Lines # - Real PCT - Wanted PCT - Time Play
Normal Forward
1 - 33% - 40% - 16:40
2 - 29% - 30% - 14:42
3 - 21% - 20% - 10:22
4 - 17% - 10% - 8:16
Normal Defense
1 - 40% - 40% - 20:04
2 - 30% - 30% - 14:57
3 - 21% - 20% - 10:24
4 - 9% - 10% - 4:35
PP Forward
1 - 69% - 60% - 4:07
2 - 31% - 40% - 1:50
PP Defense
1 - 70% - 60% - 4:11
2 - 30% - 40% - 1:46
PK Forward
1 - 84% - 60% - 2:21
2 - 16% - 40% - 0:27
PK Defense
1 - 69% - 60% - 1:56
2 - 31% - 40% - 0:52
PK3 Forward
1 - 0% - 60%
2 - 0% - 40%
PK3 Defense
1 - 0% - 60%
2 - 0% - 40%
44 Forward
1 - 0% - 60%
2 - 0% - 40%
44 Defense
1 - 0% - 60%
2 - 0% - 40%
Last Minute Offensive  - 1:15
Last Minute Defensive  - 0:00
Total
Forward - 60:00
Defense - 60:00

% Time on Ice - Carnivores

Lines # - Real PCT - Wanted PCT - Time Play
Normal Forward
1 - 36% - 40% - 18:00
2 - 31% - 30% - 15:31
3 - 19% - 20% - 9:35
4 - 14% - 10% - 6:54
Normal Defense
1 - 41% - 40% - 20:23
2 - 28% - 30% - 13:50
3 - 19% - 20% - 9:35
4 - 12% - 10% - 6:12
PP Forward
1 - 61% - 60% - 1:42
2 - 39% - 40% - 1:06
PP Defense
1 - 47% - 60% - 1:19
2 - 53% - 40% - 1:29
PK Forward
1 - 89% - 60% - 5:19
2 - 11% - 40% - 0:38
PK Defense
1 - 66% - 60% - 3:54
2 - 34% - 40% - 2:03
PK3 Forward
1 - 0% - 60%
2 - 0% - 40%
PK3 Defense
1 - 0% - 60%
2 - 0% - 40%
44 Forward
1 - 0% - 60%
2 - 0% - 40%
44 Defense
1 - 0% - 60%
2 - 0% - 40%
Last Minute Offensive  - 0:00
Last Minute Defensive  - 1:15
Total
Forward - 60:00
Defense - 60:00

Play-by-Play

1st period


0:01 of 1st period - Corban Knight wins face-off versus Scott Laughton in neutral zone.
0:10 of 1st period - Wrist shot by Nicolas Kerdiles.
0:10 of 1st period - Shot Blocked by Billy Sweat.
0:16 of 1st period - Slapshot by Nicolas Kerdiles.
0:16 of 1st period - Deflect By Scott Laughton.
0:16 of 1st period - Stopped by Chet Pickard without a rebound.
0:17 of 1st period - Sam Carrick wins face-off versus Markus Granlund in Ice Dragons zone.
0:17 of 1st period - Sam Carrick is hit by Blake Geoffrion.
0:27 of 1st period - Wrist shot by Logan MacMillan.
0:27 of 1st period - Stopped by Tristan Jarry without a rebound.
0:28 of 1st period - Anton Gustafsson wins face-off versus Emil Pettersson in Carnivores zone.
0:34 of 1st period - Mattias Backman is hit by Alex Plante and loses puck.
0:53 of 1st period - Alex Plante is hit by Christian Djoos and loses puck.
1:02 of 1st period - Slapshot by Phil Di Giuseppe.
1:02 of 1st period - Stopped by Tristan Jarry without a rebound.
1:03 of 1st period - Corban Knight wins face-off versus Scott Laughton in Carnivores zone.
1:45 of 1st period - Icing by Josh Morrissey.
1:46 of 1st period - Emil Pettersson wins face-off versus Anton Gustafsson in Carnivores zone.
1:47 of 1st period - Wrist shot by William Carrier.
1:47 of 1st period - Stopped by Tristan Jarry with a rebound.
1:49 of 1st period - Slapshot by Zach Trotman.
1:49 of 1st period - Shot Misses the Net.
1:51 of 1st period - Slapshot by Zach Trotman.
1:51 of 1st period - Stopped by Tristan Jarry with a rebound.
1:53 of 1st period - Snap shot by William Carrier.
1:53 of 1st period - Shot Misses the Net.
1:59 of 1st period - Wrist shot by Chris Wagner.
1:59 of 1st period - Stopped by Tristan Jarry without a rebound.
2:00 of 1st period - Corban Knight wins face-off versus Scott Laughton in Carnivores zone.
3:07 of 1st period - Hunter Shinkaruk is hit by Zach Trotman and loses puck.
4:15 of 1st period - Wrist shot by Blake Geoffrion.
4:15 of 1st period - Stopped by Chet Pickard without a rebound.
4:16 of 1st period - Scott Laughton wins face-off versus Corban Knight in Ice Dragons zone.
4:38 of 1st period - Icing by Samuel Groulx.
4:39 of 1st period - Joel Armia wins face-off versus Corban Knight in Ice Dragons zone.
4:58 of 1st period - Samuel Groulx is hit by Joel Armia and loses puck.
5:55 of 1st period - Snap shot by Theodor Blueger.
5:55 of 1st period - Stopped by Tristan Jarry without a rebound.
5:56 of 1st period - Scott Laughton wins face-off versus Sam Carrick in Carnivores zone.
6:08 of 1st period - Snap shot by Nicolas Kerdiles.
6:08 of 1st period - Stopped by Chet Pickard without a rebound.
6:09 of 1st period - Corban Knight wins face-off versus Scott Laughton in Ice Dragons zone.
6:14 of 1st period - Slapshot by Kevin Connauton.
6:14 of 1st period - Shot Misses the Net.
7:04 of 1st period - Slapshot by Joel Armia.
7:04 of 1st period - Stopped by Chet Pickard without a rebound.
7:05 of 1st period - Sam Carrick wins face-off versus Scott Laughton in Ice Dragons zone.
7:12 of 1st period - Snap shot by Sam Carrick.
7:12 of 1st period - Stopped by Tristan Jarry with a rebound.
7:34 of 1st period - Snap shot by Phil Di Giuseppe.
7:34 of 1st period - Stopped by Tristan Jarry with a rebound.
7:36 of 1st period - Slapshot by Alex Lintuniemi.
7:36 of 1st period - Shot Blocked by Markus Granlund.
7:38 of 1st period - Snap shot by Phil Di Giuseppe.
7:38 of 1st period - Stopped by Tristan Jarry with a rebound.
7:40 of 1st period - Snap shot by Juho Lammikko.
7:40 of 1st period - Deflect By Phil Di Giuseppe.
7:40 of 1st period - Stopped by Tristan Jarry with a rebound.
7:42 of 1st period - Slapshot by Alex Lintuniemi.
7:42 of 1st period - Shot Misses the Net.
8:14 of 1st period - Snap shot by Nicolas Deslauriers.
8:14 of 1st period - Deflect By Brett Connolly.
8:14 of 1st period - Stopped by Chet Pickard without a rebound.
8:15 of 1st period - Lucas Wallmark wins face-off versus Sam Carrick in Ice Dragons zone.
8:24 of 1st period - Snap shot by Brett Connolly.
8:24 of 1st period - Stopped by Chet Pickard without a rebound.
8:25 of 1st period - Sam Carrick wins face-off versus Scott Laughton in Ice Dragons zone.
8:50 of 1st period - Snap shot by Billy Sweat.
8:50 of 1st period - Shot Misses the Net.
8:52 of 1st period - Snap shot by Corban Knight.
8:52 of 1st period - Shot Misses the Net.
8:54 of 1st period - Snap shot by Corban Knight.
8:54 of 1st period - Shot Misses the Net.
8:56 of 1st period - Slapshot by Alex Plante.
8:56 of 1st period - Stopped by Tristan Jarry without a rebound.
8:57 of 1st period - Corban Knight wins face-off versus Markus Granlund in Carnivores zone.
10:45 of 1st period - Snap shot by Joel Armia.
10:45 of 1st period - Stopped by Chet Pickard with a rebound.
10:51 of 1st period - Andreas Englund is hit by Emil Pettersson and loses puck.
11:15 of 1st period - Slapshot by Markus Granlund.
11:15 of 1st period - Shot Blocked by David Shields.
11:58 of 1st period - Icing by Anton Gustafsson.
11:59 of 1st period - Anton Gustafsson wins face-off versus Sam Carrick in Carnivores zone.
12:55 of 1st period - Snap shot by Anton Gustafsson.
12:55 of 1st period - Goal by Anton Gustafsson - Ice Dragons : 0 - Carnivores : 1.
12:56 of 1st period - Emil Pettersson wins face-off versus Scott Laughton in neutral zone.
13:04 of 1st period - Slapshot by William Carrier.
13:04 of 1st period - Shot Blocked by Nicolas Kerdiles.
13:06 of 1st period - Slapshot by Samuel Groulx.
13:06 of 1st period - Shot Blocked by Mat Clark.
13:08 of 1st period - Wrist shot by William Carrier.
13:08 of 1st period - Shot Blocked by Josh Morrissey.
13:10 of 1st period - Wrist shot by Chris Wagner.
13:10 of 1st period - Goal by Chris Wagner - Ice Dragons : 1 - Carnivores : 1.
13:11 of 1st period - Scott Laughton wins face-off versus Corban Knight in neutral zone.
13:21 of 1st period - Snap shot by Billy Sweat.
13:21 of 1st period - Stopped by Tristan Jarry with a rebound.
13:23 of 1st period - Snap shot by Billy Sweat.
13:23 of 1st period - Deflect By Brandon Kozun.
13:23 of 1st period - Shot Misses the Net.
13:23 of 1st period - Puck is out of play.
13:24 of 1st period - Sam Carrick wins face-off versus Chris Lawrence in Carnivores zone.
14:08 of 1st period - Snap shot by Zach Trotman.
14:08 of 1st period - Stopped by Tristan Jarry without a rebound.
14:09 of 1st period - Lucas Wallmark wins face-off versus Emil Pettersson in Carnivores zone.
14:09 of 1st period - Lucas Wallmark is hit by Chris Wagner.
14:15 of 1st period - Wrist shot by Brett Connolly.
14:15 of 1st period - Shot Misses the Net.
14:17 of 1st period - Snap shot by Nicolas Deslauriers.
14:17 of 1st period - Shot Blocked by William Carrier.
14:17 of 1st period - William Carrier from Ice Dragons is injured at 14:17 of 1st period (Strained Right Knee).
14:18 of 1st period - Scott Laughton wins face-off versus Brandon Kozun in Ice Dragons zone.
14:51 of 1st period - Off-side.
14:52 of 1st period - Markus Granlund wins face-off versus Sam Carrick in neutral zone.
14:55 of 1st period - Wrist shot by Joel Armia.
14:55 of 1st period - Stopped by Chet Pickard with a rebound.
14:57 of 1st period - Snap shot by Markus Granlund.
14:57 of 1st period - Shot Misses the Net.
14:59 of 1st period - Snap shot by Blake Geoffrion.
14:59 of 1st period - Shot Misses the Net.
15:01 of 1st period - Snap shot by Markus Granlund.
15:01 of 1st period - Shot Misses the Net.
15:03 of 1st period - Snap shot by Blake Geoffrion.
15:03 of 1st period - Shot Misses the Net.
15:07 of 1st period - Snap shot by Markus Granlund.
15:07 of 1st period - Shot Blocked by Sam Carrick.
15:09 of 1st period - Backhand shot by Christian Djoos.
15:09 of 1st period - Shot Blocked by Kevin Connauton.
15:11 of 1st period - Slapshot by Christian Djoos.
15:11 of 1st period - Shot Blocked by Kevin Connauton.
15:13 of 1st period - Snap shot by Markus Granlund.
15:13 of 1st period - Shot Blocked by Zach Trotman.
15:35 of 1st period - Snap shot by Chris Wagner.
15:35 of 1st period - Stopped by Tristan Jarry with a rebound.
15:37 of 1st period - Wrist shot by Emil Pettersson.
15:37 of 1st period - Stopped by Tristan Jarry with a rebound.
15:53 of 1st period - Wrist shot by Phil Di Giuseppe.
15:53 of 1st period - Shot Misses the Net.
15:55 of 1st period - Slapshot by Luca Sbisa.
15:55 of 1st period - Stopped by Tristan Jarry without a rebound.
15:56 of 1st period - Corban Knight wins face-off versus Scott Laughton in Carnivores zone.
16:02 of 1st period - Minor Penalty to Mat Clark for High sticking.
16:03 of 1st period - Corban Knight wins face-off versus Nicolas Kerdiles in Carnivores zone.
16:13 of 1st period - Wrist shot by Billy Sweat.
16:13 of 1st period - Stopped by Tristan Jarry with a rebound.
16:15 of 1st period - Snap shot by Zach Trotman.
16:15 of 1st period - Shot Misses the Net.
16:17 of 1st period - Snap shot by Kevin Connauton.
16:17 of 1st period - Shot Misses the Net.
16:19 of 1st period - Wrist shot by Zach Trotman.
16:19 of 1st period - Stopped by Tristan Jarry with a rebound.
18:02 of 1st period - Penalty to Mat Clark is over, Mat Clark is back on ice.
18:27 of 1st period - Icing by David Shields.
18:28 of 1st period - Emil Pettersson wins face-off versus Markus Granlund in Ice Dragons zone.
18:43 of 1st period - Off-side.
18:44 of 1st period - Scott Laughton wins face-off versus Corban Knight in neutral zone.
19:39 of 1st period - Snap shot by Chris Wagner.
19:39 of 1st period - Stopped by Tristan Jarry with a rebound.
19:42 of 1st period - Icing by Josh Morrissey.
19:43 of 1st period - Blake Geoffrion wins face-off versus Corban Knight in Carnivores zone.
19:43 of 1st period - Blake Geoffrion is hit by Corban Knight.
19:54 of 1st period - Wrist shot by Joel Armia.
19:54 of 1st period - Goal by Joel Armia - Ice Dragons : 1 - Carnivores : 2.
19:55 of 1st period - Billy Sweat wins face-off versus Scott Laughton in neutral zone.
Goals for this period are 1 for Ice Dragons vs 2 for Carnivores.
Shots for this period are 20 for Ice Dragons vs 10 for Carnivores.

2nd period


0:01 of 2nd period - Scott Laughton wins face-off versus Corban Knight in neutral zone.
0:04 of 2nd period - Brandon Kozun is hit by Nicolas Kerdiles and loses puck.
0:15 of 2nd period - Snap shot by Scott Laughton.
0:15 of 2nd period - Shot Misses the Net.
0:25 of 2nd period - Kevin Connauton is hit by Mattias Backman and loses puck.
1:14 of 2nd period - Icing by Nicolas Kerdiles.
1:15 of 2nd period - Corban Knight wins face-off versus Scott Laughton in Carnivores zone.
1:26 of 2nd period - Slapshot by Nicolas Kerdiles.
1:26 of 2nd period - Deflect By Corban Knight.
1:26 of 2nd period - Stopped by Chet Pickard with a rebound.
1:32 of 2nd period - Wrist shot by Scott Laughton.
1:32 of 2nd period - Shot Misses the Net.
1:34 of 2nd period - Slapshot by Nicolas Kerdiles.
1:34 of 2nd period - Shot Misses the Net.
1:36 of 2nd period - Wrist shot by Nicolas Kerdiles.
1:36 of 2nd period - Shot Misses the Net.
1:51 of 2nd period - Snap shot by Nicolas Kerdiles.
1:51 of 2nd period - Shot Misses the Net.
2:14 of 2nd period - Slapshot by Chris Lawrence.
2:14 of 2nd period - Deflect By Nicolas Kerdiles.
2:14 of 2nd period - Goal by Nicolas Kerdiles - Ice Dragons : 1 - Carnivores : 3.
2:15 of 2nd period - Blake Geoffrion wins face-off versus Sam Carrick in neutral zone.
2:26 of 2nd period - Snap shot by Markus Granlund.
2:26 of 2nd period - Shot Misses the Net.
2:28 of 2nd period - Snap shot by Blake Geoffrion.
2:28 of 2nd period - Deflect By Logan MacMillan.
2:28 of 2nd period - Stopped by Chet Pickard without a rebound.
2:29 of 2nd period - Anton Gustafsson wins face-off versus Sam Carrick in Ice Dragons zone.
2:30 of 2nd period - Snap shot by Mark McNeill.
2:30 of 2nd period - Stopped by Chet Pickard with a rebound.
2:40 of 2nd period - Wrist shot by Logan MacMillan.
2:40 of 2nd period - Stopped by Tristan Jarry without a rebound.
2:41 of 2nd period - Sam Carrick wins face-off versus Scott Laughton in Carnivores zone.
3:07 of 2nd period - Brandon Kozun is hit by Mat Clark and loses puck.
3:45 of 2nd period - Icing by Zach Trotman.
3:46 of 2nd period - Anton Gustafsson wins face-off versus Theodor Blueger in Ice Dragons zone.
3:51 of 2nd period - Snap shot by Mark McNeill.
3:51 of 2nd period - Shot Misses the Net.
3:53 of 2nd period - Wrist shot by Scott Laughton.
3:53 of 2nd period - Stopped by Chet Pickard with a rebound.
3:55 of 2nd period - Wrist shot by Scott Laughton.
3:55 of 2nd period - Shot Misses the Net.
5:33 of 2nd period - Snap shot by Anton Gustafsson.
5:33 of 2nd period - Stopped by Chet Pickard without a rebound.
5:34 of 2nd period - Sam Carrick wins face-off versus Scott Laughton in Ice Dragons zone.
6:33 of 2nd period - Andreas Englund is hit by Theodor Blueger and loses puck.
6:55 of 2nd period - Christian Djoos is hit by Luca Sbisa and loses puck.
7:36 of 2nd period - Wrist shot by Phil Di Giuseppe.
7:36 of 2nd period - Stopped by Tristan Jarry with a rebound.
7:46 of 2nd period - Slapshot by Phil Di Giuseppe.
7:46 of 2nd period - Shot Misses the Net.
8:18 of 2nd period - Wrist shot by Nicolas Deslauriers.
8:18 of 2nd period - Stopped by Chet Pickard with a rebound.
8:26 of 2nd period - Snap shot by Phil Di Giuseppe.
8:26 of 2nd period - Stopped by Tristan Jarry without a rebound.
8:27 of 2nd period - Corban Knight wins face-off versus Scott Laughton in Carnivores zone.
8:32 of 2nd period - Snap shot by Billy Sweat.
8:32 of 2nd period - Shot Misses the Net.
8:34 of 2nd period - Slapshot by Zach Trotman.
8:34 of 2nd period - Shot Blocked by Josh Morrissey.
8:36 of 2nd period - Wrist shot by Billy Sweat.
8:36 of 2nd period - Shot Blocked by Josh Morrissey.
8:52 of 2nd period - Blake Geoffrion is hit by Logan MacMillan and loses puck.
9:01 of 2nd period - Wrist shot by Sam Carrick.
9:01 of 2nd period - Shot Misses the Net.
10:33 of 2nd period - Off-side.
10:34 of 2nd period - Corban Knight wins face-off versus Markus Granlund in neutral zone.
10:41 of 2nd period - Snap shot by Billy Sweat.
10:41 of 2nd period - Shot Hit the Post.
10:43 of 2nd period - Wrist shot by Brandon Kozun.
10:43 of 2nd period - Shot Blocked by Andreas Englund.
10:45 of 2nd period - Slapshot by Corban Knight.
10:45 of 2nd period - Shot Blocked by Travis Dermott.
10:47 of 2nd period - Slapshot by Brandon Kozun.
10:47 of 2nd period - Stopped by Tristan Jarry without a rebound.
10:48 of 2nd period - Sam Carrick wins face-off versus Scott Laughton in Carnivores zone.
11:28 of 2nd period - Slapshot by Sam Carrick.
11:28 of 2nd period - Shot Misses the Net.
11:30 of 2nd period - Snap shot by Jerome Gauthier-Leduc.
11:30 of 2nd period - Shot Blocked by Anton Gustafsson.
11:32 of 2nd period - Backhand shot by Sam Carrick.
11:32 of 2nd period - Shot Blocked by Josh Morrissey.
11:34 of 2nd period - Snap shot by Logan MacMillan.
11:34 of 2nd period - Goal by Logan MacMillan - Ice Dragons : 2 - Carnivores : 3.
11:35 of 2nd period - Corban Knight wins face-off versus Nicolas Kerdiles in neutral zone.
12:48 of 2nd period - Snap shot by Phil Di Giuseppe.
12:48 of 2nd period - Shot Misses the Net.
12:54 of 2nd period - Snap shot by Phil Di Giuseppe.
12:54 of 2nd period - Deflect By Theodor Blueger.
12:54 of 2nd period - Shot Misses the Net.
12:54 of 2nd period - Puck is out of play.
12:55 of 2nd period - Corban Knight wins face-off versus Scott Laughton in Carnivores zone.
13:02 of 2nd period - Wrist shot by Chris Lawrence.
13:02 of 2nd period - Stopped by Chet Pickard with a rebound.
13:30 of 2nd period - Snap shot by Joel Armia.
13:30 of 2nd period - Stopped by Chet Pickard with a rebound.
13:50 of 2nd period - Slapshot by Josh Morrissey.
13:50 of 2nd period - Shot Misses the Net.
14:25 of 2nd period - Off-side.
14:26 of 2nd period - Scott Laughton wins face-off versus Corban Knight in neutral zone.
14:29 of 2nd period - Slapshot by Travis Dermott.
14:29 of 2nd period - Stopped by Chet Pickard without a rebound.
14:30 of 2nd period - Scott Laughton wins face-off versus Brandon Kozun in Ice Dragons zone.
15:39 of 2nd period - Slapshot by Travis Dermott.
15:39 of 2nd period - Stopped by Chet Pickard with a rebound.
15:41 of 2nd period - Wrist shot by Nicolas Deslauriers.
15:41 of 2nd period - Shot Misses the Net.
15:43 of 2nd period - Wrist shot by Nicolas Deslauriers.
15:43 of 2nd period - Stopped by Chet Pickard without a rebound.
15:44 of 2nd period - Scott Laughton wins face-off versus Corban Knight in Ice Dragons zone.
15:45 of 2nd period - Wrist shot by Nicolas Kerdiles.
15:45 of 2nd period - Stopped by Chet Pickard with a rebound.
16:37 of 2nd period - Snap shot by Chris Wagner.
16:37 of 2nd period - Stopped by Tristan Jarry without a rebound.
16:38 of 2nd period - Corban Knight wins face-off versus Scott Laughton in Carnivores zone.
16:39 of 2nd period - Snap shot by Billy Sweat.
16:39 of 2nd period - Stopped by Tristan Jarry without a rebound.
16:40 of 2nd period - Corban Knight wins face-off versus Scott Laughton in Carnivores zone.
17:05 of 2nd period - Markus Granlund is hit by Sam Carrick and loses puck.
17:35 of 2nd period - Wrist shot by Anton Gustafsson.
17:35 of 2nd period - Stopped by Chet Pickard without a rebound.
17:36 of 2nd period - Scott Laughton wins face-off versus Corban Knight in Ice Dragons zone.
18:01 of 2nd period - Joel Armia is hit by Sam Carrick and loses puck.
18:08 of 2nd period - Snap shot by Logan MacMillan.
18:08 of 2nd period - Shot Blocked by Christian Djoos.
18:19 of 2nd period - Icing by Chris Wagner.
18:20 of 2nd period - Anton Gustafsson wins face-off versus Emil Pettersson in Ice Dragons zone.
19:35 of 2nd period - David Shields is hit by Christian Djoos and loses puck.
19:50 of 2nd period - Slapshot by Joel Armia.
19:50 of 2nd period - Shot Misses the Net.
Goals for this period are 1 for Ice Dragons vs 1 for Carnivores.
Shots for this period are 7 for Ice Dragons vs 14 for Carnivores.

3rd period


0:01 of 3rd period - Corban Knight wins face-off versus Scott Laughton in neutral zone.
0:28 of 3rd period - Minor Penalty to Brandon Kozun for Elbowing.
0:29 of 3rd period - Corban Knight wins face-off versus Scott Laughton in Ice Dragons zone.
0:37 of 3rd period - Off-side.
0:38 of 3rd period - Corban Knight wins face-off versus Scott Laughton in neutral zone.
1:11 of 3rd period - Wrist shot by Nicolas Kerdiles.
1:11 of 3rd period - Deflect By Chris Lawrence.
1:11 of 3rd period - Stopped by Chet Pickard without a rebound.
1:12 of 3rd period - Markus Granlund wins face-off versus Corban Knight in Ice Dragons zone.
1:13 of 3rd period - Snap shot by Blake Geoffrion.
1:13 of 3rd period - Shot Misses the Net.
1:15 of 3rd period - Slapshot by Travis Dermott.
1:15 of 3rd period - Shot Blocked by Samuel Groulx.
1:17 of 3rd period - Wrist shot by Markus Granlund.
1:17 of 3rd period - Goal by Markus Granlund - Ice Dragons : 2 - Carnivores : 4.
1:18 of 3rd period - Scott Laughton wins face-off versus Corban Knight in neutral zone.
1:25 of 3rd period - Snap shot by Nicolas Kerdiles.
1:25 of 3rd period - Stopped by Chet Pickard with a rebound.
1:27 of 3rd period - Wrist shot by Josh Morrissey.
1:27 of 3rd period - Shot Blocked by Luca Sbisa.
1:29 of 3rd period - Slapshot by Josh Morrissey.
1:29 of 3rd period - Shot Misses the Net.
2:29 of 3rd period - Off-side.
2:30 of 3rd period - Theodor Blueger wins face-off versus Lucas Wallmark in neutral zone.
2:33 of 3rd period - Slapshot by Kevin Connauton.
2:33 of 3rd period - Stopped by Tristan Jarry without a rebound.
2:34 of 3rd period - Scott Laughton wins face-off versus Corban Knight in Carnivores zone.
2:34 of 3rd period - Scott Laughton is hit by Corban Knight.
2:56 of 3rd period - Chris Lawrence is hit by Corban Knight and loses puck.
3:11 of 3rd period - Backhand shot by Logan MacMillan.
3:11 of 3rd period - Stopped by Tristan Jarry without a rebound.
3:12 of 3rd period - Sam Carrick wins face-off versus Markus Granlund in Carnivores zone.
3:13 of 3rd period - Wrist shot by Logan MacMillan.
3:13 of 3rd period - Shot Misses the Net.
3:15 of 3rd period - Wrist shot by Logan MacMillan.
3:15 of 3rd period - Goal by Logan MacMillan - Ice Dragons : 3 - Carnivores : 4.
3:16 of 3rd period - Corban Knight wins face-off versus Scott Laughton in neutral zone.
3:20 of 3rd period - Minor Penalty to Chris Lawrence for Holding.
3:21 of 3rd period - Corban Knight wins face-off versus Anton Gustafsson in Carnivores zone.
3:49 of 3rd period - Slapshot by Sam Carrick.
3:49 of 3rd period - Shot Misses the Net.
3:51 of 3rd period - Snap shot by Justin Shugg.
3:51 of 3rd period - Stopped by Tristan Jarry with a rebound.
3:53 of 3rd period - Snap shot by Logan MacMillan.
3:53 of 3rd period - Deflect By Sam Carrick.
3:53 of 3rd period - Shot Blocked by Mat Clark.
3:53 of 3rd period - Puck is out of play.
3:54 of 3rd period - Anton Gustafsson wins face-off versus Corban Knight in Carnivores zone.
4:43 of 3rd period - Mat Clark is hit by Brandon Kozun and loses puck.
5:06 of 3rd period - Andreas Englund is hit by Brandon Kozun and loses puck.
5:20 of 3rd period - Penalty to Chris Lawrence is over, Chris Lawrence is back on ice.
5:37 of 3rd period - Snap shot by Chris Lawrence.
5:37 of 3rd period - Shot Misses the Net.
6:01 of 3rd period - Wrist shot by Nicolas Deslauriers.
6:01 of 3rd period - Shot Misses the Net.
6:03 of 3rd period - Slapshot by Riley Barber.
6:03 of 3rd period - Deflect By Chris Lawrence.
6:03 of 3rd period - Shot Misses the Net.
6:03 of 3rd period - Puck is out of play.
6:04 of 3rd period - Corban Knight wins face-off versus Markus Granlund in Ice Dragons zone.
6:11 of 3rd period - Wrist shot by Markus Granlund.
6:11 of 3rd period - Stopped by Chet Pickard without a rebound.
6:12 of 3rd period - Corban Knight wins face-off versus Markus Granlund in Ice Dragons zone.
6:25 of 3rd period - Wrist shot by Markus Granlund.
6:25 of 3rd period - Shot Misses the Net.
6:27 of 3rd period - Snap shot by Markus Granlund.
6:27 of 3rd period - Stopped by Chet Pickard with a rebound.
6:46 of 3rd period - Wrist shot by Sam Carrick.
6:46 of 3rd period - Stopped by Tristan Jarry without a rebound.
6:47 of 3rd period - Scott Laughton wins face-off versus Sam Carrick in Carnivores zone.
7:08 of 3rd period - Minor Penalty to Nicolas Kerdiles for Hooking.
7:09 of 3rd period - Corban Knight wins face-off versus Anton Gustafsson in Carnivores zone.
7:16 of 3rd period - Snap shot by Brandon Kozun.
7:16 of 3rd period - Shot Misses the Net.
7:18 of 3rd period - Snap shot by Billy Sweat.
7:18 of 3rd period - Stopped by Tristan Jarry with a rebound.
7:20 of 3rd period - Wrist shot by Corban Knight.
7:20 of 3rd period - Shot Blocked by Riley Barber.
7:22 of 3rd period - Wrist shot by Brandon Kozun.
7:22 of 3rd period - Stopped by Tristan Jarry without a rebound.
7:23 of 3rd period - Anton Gustafsson wins face-off versus Corban Knight in Carnivores zone.
7:23 of 3rd period - Anton Gustafsson is hit by Corban Knight.
7:45 of 3rd period - Josh Morrissey is hit by Corban Knight and loses puck.
8:18 of 3rd period - Scott Laughton is hit by Billy Sweat and loses puck.
8:33 of 3rd period - Brandon Kozun is hit by Scott Laughton and loses puck.
8:48 of 3rd period - Slapshot by Nicolas Deslauriers.
8:48 of 3rd period - Stopped by Chet Pickard with a rebound.
9:08 of 3rd period - Penalty to Nicolas Kerdiles is over, Nicolas Kerdiles is back on ice.
9:29 of 3rd period - Slapshot by Brandon Kozun.
9:29 of 3rd period - Stopped by Tristan Jarry with a rebound.
9:31 of 3rd period - Snap shot by Billy Sweat.
9:31 of 3rd period - Shot Misses the Net.
9:33 of 3rd period - Snap shot by Brandon Kozun.
9:33 of 3rd period - Deflect By Nicolas Kerdiles.
9:33 of 3rd period - Stopped by Tristan Jarry without a rebound.
9:34 of 3rd period - Markus Granlund wins face-off versus Sam Carrick in Carnivores zone.
9:34 of 3rd period - Markus Granlund is hit by Logan MacMillan.
9:50 of 3rd period - Slapshot by Logan MacMillan.
9:50 of 3rd period - Shot Misses the Net.
10:06 of 3rd period - Wrist shot by Scott Laughton.
10:06 of 3rd period - Shot Misses the Net.
10:36 of 3rd period - Slapshot by Blake Geoffrion.
10:36 of 3rd period - Shot Misses the Net.
10:38 of 3rd period - Wrist shot by Joel Armia.
10:38 of 3rd period - Shot Misses the Net.
11:38 of 3rd period - Snap shot by Josh Morrissey.
11:38 of 3rd period - Stopped by Chet Pickard without a rebound.
11:39 of 3rd period - Lucas Wallmark wins face-off versus Sam Carrick in Ice Dragons zone.
11:52 of 3rd period - Slapshot by Lucas Wallmark.
11:52 of 3rd period - Stopped by Chet Pickard with a rebound.
12:23 of 3rd period - Mattias Backman is hit by Kevin Connauton.
12:24 of 3rd period - Icing by Mattias Backman.
12:25 of 3rd period - Markus Granlund wins face-off versus Theodor Blueger in Carnivores zone.
13:03 of 3rd period - Markus Granlund is hit by Emil Pettersson and loses puck.
13:18 of 3rd period - Wrist shot by Nicolas Kerdiles.
13:18 of 3rd period - Stopped by Chet Pickard without a rebound.
13:19 of 3rd period - Scott Laughton wins face-off versus Corban Knight in Ice Dragons zone.
14:08 of 3rd period - Josh Morrissey is hit by Zach Trotman and loses puck.
14:13 of 3rd period - Slapshot by Logan MacMillan.
14:13 of 3rd period - Stopped by Tristan Jarry with a rebound.
14:33 of 3rd period - Snap shot by Scott Laughton.
14:33 of 3rd period - Shot Misses the Net.
14:45 of 3rd period - Snap shot by Scott Laughton.
14:45 of 3rd period - Shot Misses the Net.
14:47 of 3rd period - Snap shot by Nicolas Kerdiles.
14:47 of 3rd period - Stopped by Chet Pickard without a rebound.
14:48 of 3rd period - Joel Armia wins face-off versus Sam Carrick in Ice Dragons zone.
14:55 of 3rd period - Snap shot by Joel Armia.
14:55 of 3rd period - Shot Misses the Net.
14:57 of 3rd period - Snap shot by Blake Geoffrion.
14:57 of 3rd period - Shot Misses the Net.
14:59 of 3rd period - Wrist shot by Blake Geoffrion.
14:59 of 3rd period - Deflect By Kevin Connauton.
14:59 of 3rd period - Stopped by Chet Pickard with a rebound.
15:04 of 3rd period - Minor Penalty to Sam Carrick for Slashing.
15:05 of 3rd period - Corban Knight wins face-off versus Joel Armia in Ice Dragons zone.
15:35 of 3rd period - Mattias Backman is hit by Samuel Groulx and loses puck.
16:46 of 3rd period - Nicolas Deslauriers is hit by Samuel Groulx and loses puck.
17:04 of 3rd period - Penalty to Sam Carrick is over, Sam Carrick is back on ice.
17:48 of 3rd period - Scott Laughton is hit by Logan MacMillan and loses puck.
18:04 of 3rd period - Icing by Billy Sweat.
18:05 of 3rd period - Mario Lucia wins face-off versus Markus Granlund in Ice Dragons zone.
18:05 of 3rd period - Mario Lucia is hit by Josh Morrissey.
18:57 of 3rd period - Luca Sbisa is hit by Nicolas Kerdiles and loses puck.
19:08 of 3rd period - Ice Dragons, Chet Pickard is pulled from the net.
19:37 of 3rd period - Wrist shot by Corban Knight.
19:37 of 3rd period - Stopped by Tristan Jarry with a rebound.
Goals for this period are 1 for Ice Dragons vs 1 for Carnivores.
Shots for this period are 11 for Ice Dragons vs 11 for Carnivores.